 Dungeon Crawl Stone Soup version 0.27-a0-1193-g8631133539 (webtiles) character file.

Game seed: 3361861959077867288

36131 EnegeticOcto the Thaumaturge (level 14, -1/103 HPs)
             Began as a Djinni Earth Elementalist on May 26, 2021.
             Was a High Priest of Makhleb.
             Slain by a cane toad (7 damage)
             ... while petrified by a basilisk
             ... on level 1 of the Lair of Beasts.
             The game lasted 00:47:16 (4335 turns).

EnegeticOcto the Thaumaturge (DjEE)                 Turns: 4335, Time: 00:47:17

Health: -1/103     AC:  7    Str:  7    XL:     14   Next: 22%
Gold:   168        EV:  2    Int: 21    God:    Makhleb [*****.] SH:  0 Dex: 15

rFire    + + .     SeeInvis +   A - staff of conjuration
rCold    x . .     Faith    .   L - +0 kite shield
rNeg     + + +     Spirit   .   u - +1 troll leather armour
rPois    ∞         Reflect  .   (no helmet)
rElec    .         Harm     .   E - +0 cloak
rCorr    .         Rampage  .   z - +0 pair of gloves
Will     +....                  (boots unavailable)
Stlth    ++........             (no amulet)
HPRegen  1.27/turn              a - +4 ring of evasion
MPRegen  0.00/turn              t - ring of see invisible

@: petrified, flying
A: sickness immunity, fire resistance 2, cold vulnerability 1, float, innate
caster, hp casting, extra vitality 1
a: Renounce Religion, Minor Destruction, Lesser Servant of Makhleb, Major
Destruction, Greater Servant of Makhleb


You were on level 1 of the Lair of Beasts.
You worshipped Makhleb.
Makhleb was extremely pleased with you.
You visited 3 branches of the dungeon, and saw 16 of its levels.

You collected 1008 gold pieces.
You spent 840 gold pieces at shops.

Inventory:

Hand Weapons
 d - a +2 great sword
   (You took it off a wight on level 10 of the Dungeon)
 e - a +0 whip
   (You found it on level 1 of the Dungeon)
 i - a +0 short sword of draining
   (You found it on level 3 of the Dungeon)
 p - a +1 war axe of flaming
   (You took it off an orc on level 5 of the Dungeon)
 r - a +1 broad axe of flaming
   (You found it on level 6 of the Dungeon)
Missiles
 b - 70 stones (quivered)
 m - 24 poisoned darts
Armour
 c - a +0 robe
 s - +0 acid dragon scales
   (You found it on level 6 of the Dungeon)
 u - a +1 troll leather armour (worn)
   (You found it on level 2 of the Orcish Mines)
 z - a +0 pair of gloves (worn)
   (You found it on level 7 of the Dungeon)
 E - a +0 cloak (worn)
   (You found it on level 8 of the Dungeon)
 G - a +0 tower shield
   (You found it on level 8 of the Dungeon)
 L - a +0 kite shield (worn)
   (You bought it in a shop on level 2 of the Orcish Mines)
Magical Staves
 A - a staff of conjuration (weapon)
   (You acquired it on level 1 of the Orcish Mines)
 C - a staff of cold
   (You found it on level 9 of the Dungeon)
Jewellery
 a - a +4 ring of evasion (left hand)
   (You found it on level 2 of the Dungeon)
 t - a ring of see invisible (right hand)
   (You found it on level 6 of the Dungeon)
Wands
 n - a wand of charming (16)
   (You found it on level 5 of the Dungeon)
 x - a wand of flame (22) {@v4}
   (You found it on level 7 of the Dungeon)
 I - a wand of polymorph (8)
   (You took it off Maurice on level 1 of the Orcish Mines)
 N - a wand of iceblast (6) {@v2}
   (You found it on level 2 of the Lair of Beasts)
Scrolls
 f - a scroll of blinking {@r4}
 k - a scroll of brand weapon {unknown}
 o - a scroll of fear {!r}
 q - a scroll of silence
 y - 3 scrolls of vulnerability {unknown}
 D - 2 scrolls of enchant weapon
 M - a scroll of amnesia {unknown}
 O - a scroll of noise {unknown}
Potions
 g - 2 potions of invisibility
 h - 2 potions of brilliance
 j - a potion of resistance
 l - a potion of mutation
 v - 3 potions of might {unknown}
 w - a potion of attraction
 F - a potion of curing {@q1 !q}
 P - 2 potions of lignification {unknown}
 Q - a potion of degeneration {unknown}
Miscellaneous
 B - a box of beasts
   (You found it on level 3 of the Lair of Beasts)
 J - a tin of tremorstones (2/2)
   (You bought it in a shop on level 2 of the Orcish Mines)
 K - a piece from Xom's chessboard (15/15)
   (You found it on level 2 of the Lair of Beasts)


   Skills:
 + Level 10.4 Fighting
 - Level 5.0 Dodging
 - Level 1.5 Stealth
 - Level 10.5 Shields
 + Level 10.8 Spellcasting
 + Level 6.2 Invocations
 + Level 7.1 Evocations


You had one spell level left.
You knew the following spells:

 Your Spells              Type           Power      Damage    Failure   Level
a - Sandblast             Erth           100%       2d20      1%          1
b - Stone Arrow           Conj/Erth      100%       3d13      1%          3
c - Poisonous Vapours     Pois/Air       100%       N/A       1%          2
d - Lee's Rapid Deconstr  Erth           27%        3d15*     5%          5
e - Shock                 Conj/Air       100%       1d9       1%          1
f - Petrify               Tmut/Erth      54%        N/A       1%          4
g - Summon Guardian Gole  Hex/Summ       54%        N/A       1%          3
h - Spider Form           Tmut/Pois      27%        N/A       1%          3
i - Hydra Form            Tmut           27%        N/A       5%          5
p - Passwall              Tmut/Erth      45%        N/A       1%          2
z - Passage of Golubria   Tloc           N/A        N/A       1%          4
Your spell library was empty.

Dungeon Overview and Level Annotations

Branches:
Dungeon (10/15)            Temple (0/1) D:4            Lair (4/6) D:10
    Orc (2/2) D:9
  Swamp: Lair:2-4    Shoals: Lair:2-4     Snake: Lair:2-4    Spider: Lair:2-4
    Elf: Orc:2

Altars:
Kikubaaqudgha
Makhleb
Uskayaw
Yredelemnul
Beogh

Shops:
D:4 :!?   Orc:2 [(=*


Innate Abilities, Weirdness & Mutations

You are immune to sickness and miasma.
You are immune to poison.
Your flesh is very heat resistant. (rF++)
You are vulnerable to cold. (rC-)
You float through the air rather than walking.
You learn spells naturally, not from books.
Your magical power is your life essence.
You have superior vitality. (+4 HP)


Message History

Makhleb accepts your kill.
b - 70 stones You see here a wolf corpse.
You see here a wolf corpse.
You see here a +0 robe.
D - 2 scrolls of enchant weapon (gained 1)
Casting: Sandblast (safe; 1% risk of failure)
Confirm with . or Enter, or press ? or * to list all spells.
Aiming: Passwall (safe; 1% risk of failure)
Press: ? - help, Dir - move target A rock wall.
This rock feels extremely deep.
Unknown command.
Your passage of Golubria closes with a snap!
Casting: Passwall (safe; 1% risk of failure)
Confirm with . or Enter, or press ? or * to list all spells.
Aiming: Passwall (safe; 1% risk of failure)
Press: ? - help, Dir - move target A rock wall.
You begin to meditate on the wall.
You continue meditating on the rock. x5
You finish merging with the rock.
Found a bubbling sapphire potion.
Found a stone staircase leading down and a stone staircase leading up.
P - 2 bubbling sapphire potions (gained 1)
There is a stone staircase leading up here.
You fly upwards.
A basilisk, a water moccasin, a cane toad, a swamp drake and 2 vampire mosquitoes come into view.
The vampire mosquito buzzes angrily.
The swamp drake roars!
The cane toad gives a loud, deep croak!
The water moccasin hisses angrily.
The basilisk hisses angrily.
You hear an angry hiss.
A vampire mosquito comes into view. x4
The basilisk gazes at you.
You are slowing down.
The swamp drake breathes poison at you. The cane toad closely misses you.
The vampire mosquito moves out of view. x2
Found a scroll of identify and a trident.
There is a stone staircase leading down here.
Okay, then.
The vampire mosquito buzzes angrily.
You hear an angry buzzing noise.
The vampire mosquito bites you. The cane toad misses you.
The vampire mosquito bites you. The cane toad stings you!!
The vampire mosquito buzzes angrily.
You hear a loud, deep croak!
You have turned to stone.
The vampire mosquito buzzes angrily.
The vampire mosquito bites you but does no damage.
The water moccasin bites you but does no damage.
The vampire mosquito bites you but does no damage.
The water moccasin bites you but does no damage.
The cane toad stings you! The basilisk gazes at you.
The vampire mosquito bites you. The water moccasin bites you.
The vampire mosquito bites you. The cane toad stings you!
The swamp drake breathes poison at you.
The noxious blast engulfs the vampire mosquito but does no damage.
The basilisk bites you! The vampire mosquito bites you.
The vampire mosquito bites you. The water moccasin bites you.
The vampire mosquito bites you! The cane toad stings you.
The vampire mosquito bites you! The water moccasin bites you.
The basilisk gazes at you. You resist with almost no effort.
The vampire mosquito bites you but does no damage.
The vampire mosquito bites you! The cane toad stings you!
The vampire mosquito bites you!
The vampire mosquito bites you but does no damage.
The water moccasin bites you.
The vampire mosquito bites you but does no damage.
The basilisk bites you.
The vampire mosquito bites you but does no damage. x2
The cane toad stings you. The water moccasin barely misses you.
The vampire mosquito bites you! The vampire mosquito bites you.
The vampire mosquito barely misses you. The vampire mosquito bites you!
The cane toad stings you but does no damage.
The basilisk gazes at you. You resist with almost no effort.
The vampire mosquito bites you but does no damage.
The vampire mosquito bites you!
The vampire mosquito bites you but does no damage.
The vampire mosquito bites you.
* * * LOW HITPOINT WARNING * * *
The water moccasin bites you but does no damage.
The vampire mosquito bites you.
* * * LOW HITPOINT WARNING * * *
The vampire mosquito bites you but does no damage. x2
The vampire mosquito bites you.
* * * LOW HITPOINT WARNING * * *
The water moccasin bites you.
* * * LOW HITPOINT WARNING * * *
The cane toad stings you. The basilisk bites you!
* * * LOW HITPOINT WARNING * * *
The vampire mosquito bites you but does no damage. x2
The vampire mosquito bites you!
* * * LOW HITPOINT WARNING * * *
The vampire mosquito bites you.
* * * LOW HITPOINT WARNING * * *
The water moccasin bites you!
* * * LOW HITPOINT WARNING * * *
The vampire mosquito bites you!
* * * LOW HITPOINT WARNING * * *
The vampire mosquito bites you. The cane toad stings you!
You die...

####.##..P
.....)...#
.........#
.........#
.........#
.≈≈...yy.#
≈≈≈≈.ylyy#
≈≈≈≈.yF@y#
.≈≈≈≈#yS.#
.≈≈ ≈k#....
.
≈≈≈.#......
≈F≈≈≈
.........
≈≈≈≈≈
.........
..≈≈
....##.##
..PP .#...#
##


You could see 2 cane toads, a basilisk, a swamp drake, a water moccasin and 8
vampire mosquitoes.

Vanquished Creatures
  An orc warlord (Orc:2)
  A hydra (Lair:4)
  A two-headed ogre (D:9)
  An orc high priest (Orc:2)
  An orc knight (Orc:2)
  2 orc sorcerers (Orc:2)
  Maurice (Orc:1)
  7 elephants
  3 black mambas
  5 cane toads
  A komodo dragon (Lair:2)
  A kobold demonologist (D:9)
  2 trolls
  Grinder (D:5)
  A hornet (D:9)
  5 blink frogs (Lair:2)
  2 vampires (D:10)
  A wyvern (Lair:3)
  3 yaks
  4 wargs (Orc:2)
  7 water moccasins
  2 sky beasts
  A hornet zombie (D:5)
  18 orc warriors
  2 black bears (D:10)
  12 wolves
  2 ogres (Orc:2)
  A necrophage (D:8)
  4 bullfrogs
  4 scorpions
  A water moccasin zombie (D:5)
  5 killer bees (D:9)
  10 wights
  2 lava snakes (D:9)
  3 hounds
  2 jellies
  A centaur zombie (D:10)
  7 orc priests
  A centaur skeleton (D:4)
  11 orc wizards
  A howler monkey zombie (D:7)
  2 adders
  A worm (D:3)
  A dart slug (D:1)
  36 orcs
  5 ball pythons
  4 endoplasms
  2 giant cockroaches
  2 goblins
  5 hobgoblins
  3 jackals (D:5)
  2 quokkas (D:1)
  3 bats
  4 frilled lizards
  4 kobolds
  3 rats (D:1)
218 creatures vanquished.

Vanquished Creatures (collateral kills)
  A warg (Orc:2)
  An orc warrior (Orc:2)
  An orc wizard (Orc:2)
3 creatures vanquished.

Vanquished Creatures (others)
  3 orc knights (Orc:2)
  An orc sorcerer (Orc:2)
  An elephant (Lair:4)
  Maggie (D:6)
  4 yaks (D:9)
  3 orc warriors (Orc:2)
  4 orcs (Orc:2)
  18 fungi
  18 plants
53 creatures vanquished.

Grand Total: 274 creatures vanquished

Notes
Turn   | Place    | Note
-------+----------+-------------------------------------------
     0 | D:1      | EnegeticOcto the Djinni Earth Elementalist began the quest
                  | for the Orb.
     0 | D:1      | Reached XP level 1. HP: 15/15 MP: 0/0
    76 | D:1      | Found a faded altar of an unknown god.
    88 | D:1      | Became a worshipper of Makhleb the Destroyer
    88 | D:1      | Reached * piety under Makhleb
   111 | D:1      | Reached XP level 2. HP: 11/21 MP: 0/0
   172 | D:1      | Reached skill level 3 in Spellcasting
   200 | D:1      | Reached XP level 3. HP: 9/25 MP: 0/0
   200 | D:1      | Learned a level 1 spell: Shock
   475 | D:2      | Reached XP level 4. HP: 19/31 MP: 0/0
   676 | D:4      | Found Akyidem's Book Shop.
   683 | D:4      | Reached ** piety under Makhleb
   722 | D:4      | Noticed a scorpion
   729 | D:4      | Killed a scorpion
   730 | D:4      | Reached skill level 4 in Spellcasting
   730 | D:4      | Reached XP level 5. HP: 21/35 MP: 0/0
   730 | D:4      | Learned a level 2 spell: Poisonous Vapours
   730 | D:4      | Found a staircase to the Ecumenical Temple.
   789 | D:4      | Reached XP level 6. HP: 26/40 MP: 0/0
   802 | D:4      | Reached skill level 5 in Spellcasting
   839 | D:4      | Found Celyeschu's Distillery.
   847 | D:4      | Found Xem Tul's Magic Scroll Boutique.
   860 | D:4      | Bought a potion of curing for 42 gold pieces
   865 | D:4      | Bought a scroll of fear for 42 gold pieces
   882 | D:5      | Entered Level 5 of the Dungeon
   945 | D:5      | Noticed Grinder
   956 | D:5      | Killed Grinder
   957 | D:5      | Reached skill level 6 in Spellcasting
   957 | D:5      | Reached XP level 7. HP: 13/45 MP: 0/0
   957 | D:5      | Learned a level 3 spell: Summon Guardian Golem
  1086 | D:5      | Reached skill level 1 in Fighting
  1363 | D:6      | Noticed Maggie
  1374 | D:6      | Killed Maggie
  1375 | D:6      | Reached skill level 3 in Fighting
  1375 | D:6      | Reached skill level 7 in Spellcasting
  1375 | D:6      | Reached XP level 8. HP: 43/56 MP: 0/0
  1595 | D:9      | You are sucked into a shaft and drop 1 floor!
  1595 | D:10     | Entered Level 10 of the Dungeon
  1596 | D:10     | Noticed a yak
  1613 | D:10     | Killed a yak
  1614 | D:10     | Reached skill level 4 in Fighting
  1660 | D:10     | Reached XP level 9. HP: 21/63 MP: 0/0
  1660 | D:10     | Learned a level 3 spell: Spider Form
  1849 | D:10     | Reached skill level 5 in Fighting
  1862 | D:10     | Reached skill level 8 in Spellcasting
  1887 | D:10     | Reached skill level 1 in Invocations
  1937 | D:9      | Noticed a kobold demonologist
  1944 | D:9      | Noticed an orange demon
  1945 | D:9      | Reached *** piety under Makhleb
  1946 | D:9      | Killed a kobold demonologist
  1947 | D:9      | Reached skill level 3 in Dodging
  1969 | D:9      | Reached skill level 2 in Invocations
  1977 | D:9      | Noticed a hornet
  1988 | D:9      | Killed a hornet
  2001 | D:9      | Reached skill level 4 in Dodging
  2002 | D:9      | Reached skill level 6 in Fighting
  2002 | D:9      | Reached skill level 3 in Invocations
  2008 | D:9      | Reached XP level 10. HP: 37/72 MP: 0/0
  2113 | D:9      | Reached skill level 5 in Dodging
  2113 | D:9      | Reached skill level 4 in Invocations
  2372 | D:8      | Reached skill level 7 in Fighting
  2393 | D:8      | Found a basalt altar of Yredelemnul.
  2394 | D:8      | Found a hide-covered altar of Uskayaw.
  2536 | D:9      | Noticed a two-headed ogre
  2540 | D:9      | Killed a two-headed ogre
  2540 | D:9      | Reached **** piety under Makhleb
  2541 | D:9      | Reached skill level 9 in Spellcasting
  2541 | D:9      | Reached skill level 5 in Invocations
  2543 | D:9      | Found a staircase to the Orcish Mines.
  2650 | Orc:1    | Entered Level 1 of the Orcish Mines
  2652 | Orc:1    | Identified a scroll of acquirement
  2737 | Orc:1    | Noticed Maurice
  2750 | Orc:1    | Killed Maurice
  2751 | Orc:1    | Reached XP level 11. HP: 53/81 MP: 0/0
  2751 | Orc:1    | Learned a level 4 spell: Passage of Golubria
  2826 | Orc:2    | Entered Level 2 of the Orcish Mines
  2849 | Orc:2    | Reached skill level 6 in Invocations
  2851 | Orc:2    | Reached skill level 8 in Fighting
  2974 | Orc:2    | Noticed an orc sorcerer
  2980 | Orc:2    | Noticed an orc warlord
  3124 | Orc:2    | Noticed an orc high priest
  3141 | Orc:2    | Killed an orc high priest
  3142 | Orc:2    | Reached skill level 9 in Fighting
  3305 | Orc:2    | Reached skill level 10 in Spellcasting
  3307 | Orc:2    | Noticed an orc sorcerer
  3322 | Orc:2    | Killed an orc sorcerer
  3323 | Orc:2    | Reached skill level 1 in Evocations
  3324 | Orc:2    | Killed an orc sorcerer
  3325 | Orc:2    | Reached skill level 2 in Evocations
  3365 | Orc:2    | Noticed an orc knight
  3378 | Orc:2    | Reached ***** piety under Makhleb
  3379 | Orc:2    | Killed an orc knight
  3380 | Orc:2    | Reached skill level 3 in Evocations
  3413 | Orc:2    | Killed an orc warlord
  3414 | Orc:2    | Reached skill level 4 in Evocations
  3439 | Orc:2    | Noticed an orc knight
  3451 | Orc:2    | Reached XP level 12. HP: 88/90 MP: 0/0
  3513 | Orc:2    | Reached skill level 10 in Fighting
  3526 | Orc:2    | Noticed a sixfirhy
  3577 | Orc:2    | Found Qimeala's Jewellery Emporium.
  3601 | Orc:2    | Found Voiraes's General Store.
  3604 | Orc:2    | Found Jainatra's Antique Weapon Emporium.
  3608 | Orc:2    | Found Dunar's Antique Armour Emporium.
  3658 | Orc:2    | Bought a tin of tremorstones (2/2) for 560 gold pieces
  3658 | Orc:2    | Bought a scroll of enchant armour for 105 gold pieces
  3658 | Orc:2    | Bought a +0 kite shield for 63 gold pieces
  3658 | Orc:2    | Bought a scroll of identify for 28 gold pieces
  3668 | Orc:2    | Acquired a staff of conjuration
  3739 | D:10     | Reached skill level 1 in Shields
  3750 | D:10     | Reached skill level 2 in Shields
  3760 | D:10     | Found a staircase to the Lair.
  3764 | Lair:1   | Entered Level 1 of the Lair of Beasts
  3792 | Lair:2   | Reached skill level 3 in Shields
  3821 | Lair:2   | Reached skill level 4 in Shields
  3913 | Lair:2   | You are sucked into a shaft and drop 2 floors!
  3945 | Lair:4   | Reached skill level 5 in Shields
  3956 | Lair:4   | Reached skill level 6 in Shields
  4001 | Lair:4   | Reached skill level 7 in Shields
  4106 | Lair:4   | Noticed a five-headed hydra
  4111 | Lair:4   | Killed a five-headed hydra
  4130 | Lair:3   | Reached skill level 8 in Shields
  4130 | Lair:3   | Reached XP level 13. HP: 86/96 MP: 0/0
  4130 | Lair:3   | Learned a level 5 spell: Hydra Form
  4217 | Lair:2   | Reached skill level 9 in Shields
  4220 | Lair:2   | Reached skill level 10 in Shields
  4220 | Lair:2   | Reached skill level 6 in Evocations
  4220 | Lair:2   | Reached XP level 14. HP: 98/103 MP: 0/0
  4243 | Lair:2   | Reached skill level 7 in Evocations
  4335 | Lair:1   | Slain by a cane toad

Illustrated notes

Levels and vault maps discovered:
D:1:      mrwooster_arrival_statue, layout_rooms,
          hellmonk_ecumenical_altar_zigzags, nrook_mini_backslash, st_stairs_2
D:2:      layout_rooms
D:3:      layout_rooms
D:4:      layout_basic, minmay_temple_entry_offerings, serial_shops,
          nicolae_shop_statue_plus, shop, shop, corexii_corridor_pit,
          grunt_ministairs_12
D:5:      layout_basic, serial_shops, shop, kennysheep_generic_room_12,
          uniq_grinder
D:6:      layout_basic, minitemple, kennysheep_path_1, nrook_uturn,
          uniq_eustachio, uniq_maggie
D:7:      layout_basic, vehumet_statue, uniq_pikel
D:8:      layout_gridville, gammafunk_temple_overflow_claw
D:9:      layout_rooms, overflow_temple_1_default, orc_david_3, special_room
          [special_room_orc], kennysheep_cluttered_room
D:10:     layout_loops_ring, lemuel_round_altar, grunt_lair_entry_orc_guard_hut
Lair:1:   layout_chaotic_city, pond
Lair:2:   layout_long_grid
Lair:3:   layout_gridlike, minmay_shoals_entry_hut, guppyfry_snake_entry_garden
Lair:4:   layout_cave_pods, disabler_island
Orc:1:    layout_diamond_mine, uniq_maurice
Orc:2:    grunt_orc_cross, layout_caves

Skill      XL: |  1  2  3  4  5  6  7  8  9 10 11 12 13 14 |
---------------+-------------------------------------------+-----
Spellcasting   | 3 4 6 7 8 9 10 | 10.8
Fighting       | 3 4 6 7 9 10 | 10.4
Invocations    | 3 5 6 |  6.2
Dodging        | 4 5 |  5.0
Evocations     | 4 6 7 |  7.1
Shields        | 8 10 | 10.5
Stealth        | |  1.5

Action                   |  1- 3 |  4- 6 |  7- 9 | 10-12 | 13-15 || total
-------------------------+-------+-------+-------+-------+-------++-------
Melee: Whip              |     1 |       |       |       |       ||     1
       Great sword       |       |       |     6 |     5 |       ||    11
 Cast: Sandblast         |    35 |    28 |    29 |   108 |    21 ||   221
       Stone Arrow       |       |     7 |    20 |   104 |    29 ||   160
       Poisonous Vapours |       |     4 |    21 |    91 |     1 ||   117
       Petrify           |       |     1 |       |     1 |       ||     2
       Summon Guardian G |       |       |     6 |    12 |       ||    18
       Passwall          |       |       |     2 |     9 |     4 ||    15
       Lee's Rapid Decon |       |       |       |    10 |     2 ||    12
       Passage of Golubr |       |       |       |    54 |     6 ||    60
Invok: Lesser Servant of |       |       |       |     3 |       ||     3
  Use: Scroll            |     2 |     1 |     1 |     9 |     1 ||    14
       Potion            |       |     1 |       |     2 |     1 ||     4
Armor: Robe              |     4 |       |     3 |     3 |       ||    10
       Troll leather arm |       |       |       |    10 |    23 ||    33
Dodge: Dodged            |    16 |    15 |    17 |    66 |    21 ||   135
Block: Kite shield       |       |       |       |     1 |    26 ||    27
       Rpst.: Great sword |       |       |     2 |    14 |       ||    16

Table legend: (Time is in decaauts)
 A = Elapsed time spent in this place.
 B = Non-inter-level travel time spent in this place.
 C = Inter-level travel time spent in this place.
 D = Time resting spent in this place.
 E = Time spent auto-exploring this place.
 F = Levels seen in this place.
 G = Mean time per level.
                   A        B        C        D        E       F      G
               +--------+--------+--------+--------+--------+-----+--------+
         Total |   4677 |   4642 |     35 |      0 |      0 |  16 |  292.3 |
       Dungeon |   2966 |   2931 |     35 |      0 |      0 |  10 |  296.6 |
          Lair |    572 |    572 |      0 |      0 |      0 |   4 |  143.0 |
  Orcish Mines |   1138 |   1138 |      0 |      0 |      0 |   2 |  569.0 |
               +--------+--------+--------+--------+--------+-----+--------+

Top non-repeatable levels by time:
   Orc:2: 946 daAuts
     D:5: 584 daAuts
    D:10: 464 daAuts
     D:1: 441 daAuts
     D:9: 425 daAuts
  Lair:2: 284 daAuts
     D:8: 254 daAuts
  Lair:4: 212 daAuts
     D:4: 208 daAuts
     D:2: 204 daAuts
   Orc:1: 191 daAuts
     D:7: 186 daAuts
     D:3: 115 daAuts
     D:6: 80 daAuts
  Lair:3: 58 daAuts
